 Dungeon Sprint DCSS version 0.17.2-1-ge4368a0 (webtiles) character file.

7 hexophile the Ruffian (level 1, -1/23 HPs)
             Began as a Troll Monk on Oct 15, 2016.
             Killed from afar by an orc wizard (6 damage)
             ... with a puff of flame
             ... in the Dungeon (Sprint IX: "|||||||||||||||||||||||||||||").
             The game lasted 00:00:11 (34 turns).

hexophile the Ruffian (Troll Monk)                    Turns: 34, Time: 00:00:11

Health: -1/23      AC:  5    Str: 18    XL:     1   Next: 91%
Magic:  0/0        EV: 10    Int:  6    God:
Gold:   0          SH:  0    Dex: 12    Spells: 0 memorised, 0 levels left

rFire  . . .     SeeInvis .       - Unarmed
rCold  . . .     Clarity  .     a - +0 robe
rNeg   . . .     SustAt   .     (no shield)
rPois  .         Gourm    +     (helmet restricted)
rElec  .         Spirit   .     (no cloak)
rCorr  .         Warding  .     (gloves unavailable)
rMut   .         NoTele   +     (boots unavailable)
MR     .....                    (no amulet)
Stlth  +.........               (no ring)
                                (no ring)

@: not resistant to hostile enchantments, very unstealthy
A: unfitting armour, claws 3, fast metabolism 3, gourmand, regeneration 2,
shaggy fur 1, tough skin 2
a: no special abilities


You were in the Dungeon.
You were not hungry.

You visited 1 branch


Innate Abilities, Weirdness & Mutations

You are too large for most types of armour.
You have claws for hands.
Your metabolism is lightning-fast.
You like to eat raw meat.
You heal very quickly.
You are covered in fur (AC +1).
You have very tough skin (AC +2).

Inventory:

Armour
 a - a +0 robe (worn)
Scrolls
 h - a scroll of blinking
Potions
 c - a potion of curing
 d - a potion of heal wounds
 e - a potion of haste
 f - 2 potions of magic
 g - a potion of berserk rage
Comestibles
 r - 2 bread rations


You couldn't memorise any spells.
You didn't know any spells.


   Skills:
 * Level 3.3 Fighting
 - Level 2.4 Dodging
 - Level 1.1 Stealth
 * Level 4.9 Unarmed Combat

Dungeon Overview and Level Annotations

Branches:
Dungeon (1/1)

Altars:

Vault maps used:
D:        linesprint
You       could see an orc wizard, a crimson imp and a giant gecko.


Message History

No target in view!
No target in view!
You open the door. 3 giant geckos, an orc wizard and a crimson imp come into view.
The orc wizard shouts!
The orc wizard mumbles some strange words.
The orc wizard seems to speed up.
The giant gecko closely misses you.
The crimson imp shouts!
You claw the giant gecko!
You kill the giant gecko!
The giant gecko bites you.
There is an open door, spattered with blood here.
You lost 4 HP.
You have now: 19/23 HP.
You scratch the giant gecko.
You kill the giant gecko!
You scratch the orc wizard but do no damage.
The orc wizard barely misses you.
You completely miss the orc wizard.
The orc wizard hits you but does no damage.
The crimson imp blinks!
The orc wizard miscasts a cantrip.
You closely miss the orc wizard. The orc wizard hits you with a dagger.
You lost 3 HP.
You have now: 18/23 HP.
You barely miss the orc wizard. The orc wizard hits you with a dagger.
The crimson imp summons a swarm of flies.
You lost 1 HP.
You have now: 17/23 HP.
You barely miss the orc wizard. The orc wizard barely misses you.
The orc wizard hits you with a dagger. The crimson imp hits you.
You lost 5 HP.
You have now: 12/23 HP.
You closely miss the orc wizard. The orc wizard completely misses you.
The crimson imp hits you but does no damage.
You closely miss the orc wizard. The orc wizard hits you with a dagger.
The orc wizard completely misses you.
You scratch the orc wizard.
The orc wizard is moderately wounded.
The crimson imp barely misses you.
The orc wizard casts a cantrip, but nothing happens.
You scratch the orc wizard but do no damage.
The orc wizard is moderately wounded.
The crimson imp shouts, "Quit, thou jarring nose-picking pumpion!"
The crimson imp closely misses you.
The orc wizard gestures at you while chanting.
The puff of frost hits you!
* * * LOW HITPOINT WARNING * * *
You lost 7 HP.
You have now: 5/23 HP.
You miss the orc wizard.
The orc wizard is moderately wounded.
The orc wizard gestures at you while chanting.
The puff of flame hits you!
You die...

Action                   || total
-------------------------++-------
Melee: Unarmed           ||    22

Notes
Turn   | Place    | Note
--------------------------------------------------------------
     0 | D        | hexophile the Troll Monk began the quest for the Orb.
     0 | D        | Reached XP level 1. HP: 22/22 MP: 0/0
    12 | D        | Reached skill level 3 in Fighting
    21 | D        | Noticed an orc wizard
    21 | D        | Noticed a crimson imp
    34 | D        | Killed from afar by an orc wizard

Table legend:
 A = Turns spent in this place as a percentage of turns spent in the entire game.
 B = Non-inter-level travel turns spent in this place as a percentage of non-inter-level travel turns spent in the entire game.
 C = Inter-level travel turns spent in this place as a percentage of turns spent in this place.
 D = Turns resting spent in this place as a percentage of non-inter-level travel turns spent in this place.
 E = Turns spent auto-exploring this place as a percentage of non-inter-level travel turns spent in this place.
 F = Non-inter-level travel turns spent in this place divided by the number of levels of this place that you've seen.
                   A       B       C       D       E      F
               +-------+-------+-------+-------+-------+----------------------
         Total | 100.0 | 100.0 |   0.0 |   0.0 |   0.0 |  37.0
       Dungeon | 100.0 | 100.0 |   0.0 |   0.0 |   0.0 |  37.0
               +-------+-------+-------+-------+-------+----------------------

Table legend:
 A = Kills in this place as a percentage of kills in entire the game.
 B = Kills by you in this place as a percentage of kills by you in the entire game.
 C = Kills by friends in this place as a percentage of kills by friends in the entire game.
 D = Other kills in this place as a percentage of other kills in the entire game.
 E = Experience gained in this place as a percentage of experience gained in the entire game.
 F = Experience gained in this place divided by the number of levels of this place that you have seen.
                   A       B       C       D       E      F
               +-------+-------+-------+-------+-------+----------------------
         Total | 100.0 | 100.0 |  -nan |  -nan | 100.0 |  11.0
       Dungeon | 100.0 | 100.0 |  -nan |  -nan | 100.0 |  11.0
               +-------+-------+-------+-------+-------+----------------------

Vanquished Creatures
  2 giant geckos (D)
  A hobgoblin (D)
  2 giant cockroaches (D)
  A kobold (D)
  A rat (D)
7 creatures vanquished.
